 Dungeon Crawl Stone Soup version 0.28.0-53-g5a82cb258f (webtiles) character file.

Game seed: 7189216719118921893

38 fireball365 the Skirmisher (level 3, -4/33 HPs)
             Began as a Minotaur Fighter on Oct 22, 2022.
             Slain by a gnoll
             ... wielding a +0 whip
              (5 damage)
             ... on level 2 of the Dungeon.
             The game lasted 00:08:15 (915 turns).

fireball365 the Skirmisher (Minotaur Fighter)        Turns: 915, Time: 00:08:15

Health: -4/33      AC:  7    Str: 20    XL:     3   Next: 25%
Magic:  2/2        EV:  9    Int:  5    God:
Gold:   60         SH:  4    Dex: 11    Spells: 2/2 levels left

rFire   . . .      SeeInvis .   a - +0 war axe
rCold   . . .      Faith    .   c - +0 buckler
rNeg    . . .      Spirit   .   b - +0 scale mail
rPois   .          Reflect  .   (helmet restricted)
rElec   .          Harm     .   (no cloak)
rCorr   .          Rampage  .   (no gloves)
Will    .....                   (no boots)
Stlth   ..........              (no amulet)
HPRegen 0.11/turn               (no ring)
MPRegen 0.08/turn               (no ring)

@: no status effects
A: horns 2, retaliatory headbutt
a: no special abilities


You were on level 2 of the Dungeon.
You visited 1 branch of the dungeon, and saw 2 of its levels.

You collected 60 gold pieces.

Inventory:

Hand Weapons
 a - a +0 war axe (weapon)
 i - a +0 halberd
Armour
 b - a +0 scale mail (worn)
 c - a +0 buckler (worn)
 h - a +0 leather armour
Scrolls
 e - a scroll of magic mapping {unknown}
 f - a scroll of identify {unknown}
 j - a scroll of amnesia {unknown}
Potions
 d - a potion of might
 g - a potion of brilliance {unknown}
 k - 2 potions of heal wounds {unknown}


   Skills:
 + Level 4.2 Fighting
 * Level 3.2 Axes
 + Level 4.0 Armour
 + Level 3.9 Shields


You had 2 spell levels left.
You didn't know any spells.
Your spell library was empty.

Dungeon Overview and Level Annotations

Branches:
Dungeon (2/15)

Altars:
Ru


Innate Abilities, Weirdness & Mutations

You have a pair of horns on your head.
You reflexively headbutt those who attack you in melee.


Message History

You hit the gnoll. The gnoll hits you but does no damage.
You block the quokka's attack. You block the gnoll's attack.
You barely miss the quokka. You barely miss the gnoll.
The quokka bites you but does no damage.
The gnoll hits you but does no damage. The quokka bites you.
A gnoll comes into view. It is wielding a +0 whip.
The gnoll shouts!
You slash the gnoll!
You kill the gnoll!
You hit the quokka.
You hear a shout! x2
The quokka closely misses you.
A gnoll comes into view. It is wielding a +0 spear.
The quokka bites you but does no damage.
Your Axes skill increases to level 3!
You have reached level 3!
Your experience leads to an increase in your attributes!
Increase (S)trength, (I)ntelligence, or (D)exterity?
You feel agile. x2
You hit the quokka.
You kill the quokka!
A gnoll comes into view. It is wielding a +0 whip.
The gnoll hits you from afar with a +0 spear.
You block the gnoll's attack.
The gnoll hits you from afar with a +0 spear.
You block the gnoll's attack.
You see here a quokka corpse.
The gnoll hits you but does no damage.
You hit the gnoll but do no damage.
The gnoll hits you from afar with a +0 spear.
The gnoll hits you with a +0 whip.
You closely miss the gnoll. You barely miss the gnoll.
The gnoll barely misses you. x2; The gnoll hits you with a +0 whip.
The gnoll hits you from afar with a +0 spear.
* * * LOW HITPOINT WARNING * * *
The gnoll hits you with a +0 whip.
* * * LOW HITPOINT WARNING * * *
You hit the gnoll but do no damage. x2; The gnoll hits you but does no damage.
You block the gnoll's attack. The gnoll hits you with a +0 whip.
You die...

####..# #.....#
#.###.# # #.#
#.# #.#### #
.###..))##.###.
#......#g.g.....
#####..g@##.###.
#.#### .# #.# .#
#.. .. ### #


You could see 3 gnolls.

Vanquished Creatures
  A gnoll (D:2)
  An adder (D:2)
  A dart slug (D:1)
  2 bats (D:1)
  3 endoplasms
  2 hobgoblins
  2 quokkas
  A ball python (D:1)
  A kobold (D:2)
  5 rats
19 creatures vanquished.

Vanquished Creatures (others)
  6 fungi (D:1)
  12 plants (D:1)
18 creatures vanquished.

Grand Total: 37 creatures vanquished

Notes
Turn   | Place    | Note
-------+----------+-------------------------------------------
     0 | D:1      | fireball365 the Minotaur Fighter began the quest for the
                  | Orb.
     0 | D:1      | Reached XP level 1. HP: 19/19 MP: 0/0
   150 | D:1      | Found a faded altar of an unknown god.
   160 | D:1      | Prayed at the altar of an unknown god.
   160 | D:1      | Became a worshipper of Ru the Awakened
   388 | D:1      | Fell from the grace of Ru
   469 | D:1      | Reached XP level 2. HP: 24/27 MP: 1/1
   910 | D:2      | Reached XP level 3. HP: 26/33 MP: 2/2
   914 | D:2      | HP: 1/33 [gnoll/+0 whip (5)]
   915 | D:2      | Slain by a gnoll

Illustrated notes

Levels and vault maps discovered:
D:1:      lemuel_arrival_muddy, layout_loops_ring,
          hellmonk_ecumenical_altar_heavens_door
D:2:      layout_loops_ring

Skill      XL: |  1  2 |
---------------+-------+-----
Armour         | 4 |  4.0
Fighting       | 4 |  4.2
Axes           | 3 |  3.2
Shields        | |  3.9

Action                   || total
-------------------------++-------
Melee: War axe           ||    74
       Headbutt          ||    11
Invok: Renounce Religion ||     1
  Use: Potion            ||     1
Armor: Scale mail        ||    29
Dodge: Dodged            ||    26
Block: Buckler           ||    18
